[Event "ICC tourney 2357 (30 5)"]
[Site "Internet Chess Club"]
[Date "2021.01.30"]
[Round "1"]
[White "DylanGimbel"]
[Black "Flames2501"]
[Result "0-1"]
[ICCResult "White checkmated"]
[WhiteElo "212"]
[BlackElo "696"]
[Opening "Sicilian"]
[ECO "B50"]
[NIC "SI.01"]
[Time "10:25:25"]
[PlyCount "40"]
[TimeControl "1800+5"]

1. e4 c5 2. Nf3 d6 3. Nc3 Nc6 4. Bb5 Bd7 5. Bc4 e6 6. d4 cxd4 7. Bg5 Be7 8.
Bxe7 Ngxe7 9. Bb5 a6 10. Bxc6 Bxc6 11. Ne5 dxc3 12. Nxc6 Nxc6 13. bxc3 Ne5
14. O-O O-O 15. Qb1 Rb8 16. Qb3 Qc7 17. Qa3 d5 18. exd5 exd5 19. Qb3 Ng4
20. f3 Qxh2# { White checkmated } 0-1

[Event "ICC tourney 2357 (30 5)"]
[Site "Internet Chess Club"]
[Date "2021.01.30"]
[Round "1"]
[White "gregoryip"]
[Black "m2021chessusa"]
[Result "0-1"]
[ICCResult "White resigns"]
[WhiteElo "319"]
[BlackElo "722"]
[Opening "Van't Kruijs opening"]
[ECO "A00"]
[Time "10:25:30"]
[PlyCount "35"]
[TimeControl "1800+5"]

1. e3 e5 2. e4 Nf6 3. Nf3 Nxe4 4. Nxe5 d6 5. d3 dxe5 6. dxe4 Qxd1+ 7. Kxd1
Nc6 8. Bc4 Bc5 9. Be3 Bxe3 10. fxe3 O-O 11. g4 Bxg4+ 12. Kd2 Rad8+ 13. Kc3
Bf3 14. Rf1 Bxe4 15. Na3 h6 16. Nb5 Rc8 17. Rg1 a6 18. Na7 { White resigns
} 0-1

[Event "ICC tourney 2357 (30 5)"]
[Site "Internet Chess Club"]
[Date "2021.01.30"]
[Round "1"]
[White "marksheinin"]
[Black "Chk727"]
[Result "1-0"]
[ICCResult "Black checkmated"]
[WhiteElo "693"]
[BlackElo "195"]
[Opening "Two knights defense"]
[ECO "C57"]
[NIC "KP.01"]
[Time "10:25:41"]
[PlyCount "45"]
[TimeControl "1800+5"]

1. e4 e5 2. Nf3 Nc6 3. Bc4 Nf6 4. Ng5 d5 5. exd5 Ne7 6. d6 Ned5 7. Bxd5
Nxd5 8. d3 cxd6 9. O-O Be7 10. Nf3 O-O 11. Nc3 Nxc3 12. bxc3 Bg4 13. h3
Bxf3 14. Qxf3 Rc8 15. Qxb7 Rxc3 16. Qxa7 Rxc2 17. Qa4 Qc8 18. Ba3 d5 19.
Rac1 Rxc1 20. Rxc1 Qa8 21. Qxa8 Rxa8 22. Bxe7 Rxa2 23. Rc8# { Black
checkmated } 1-0

[Event "ICC tourney 2357 (30 5)"]
[Site "Internet Chess Club"]
[Date "2021.01.30"]
[Round "1"]
[White "EleanorH"]
[Black "PrincessAnai"]
[Result "1-0"]
[ICCResult "Black checkmated"]
[WhiteElo "743"]
[BlackElo "443"]
[Opening "Sicilian defense"]
[ECO "B30"]
[NIC "SI.31"]
[Time "10:26:14"]
[PlyCount "29"]
[TimeControl "1800+5"]

1. e4 c5 2. Nf3 Nc6 3. Bc4 e6 4. d3 Bd6 5. Bb3 Nf6 6. c3 O-O 7. Nbd2 b6 8.
Qe2 Bb7 9. e5 Bxe5 10. Nxe5 Nxe5 11. Qxe5 Bxg2 12. Rg1 Bc6 13. Ne4 d6 14.
Qxf6 Bxe4 15. Qxg7# { Black checkmated } 1-0

[Event "ICC tourney 2357 (30 5)"]
[Site "Internet Chess Club"]
[Date "2021.01.30"]
[Round "1"]
[White "Tayga"]
[Black "RonKese"]
[Result "1-0"]
[ICCResult "Black resigns"]
[WhiteElo "745"]
[BlackElo "449"]
[Opening "Caro-Kann: Bronstein-Larsen variation"]
[ECO "B16"]
[NIC "CK.07"]
[Time "10:26:08"]
[PlyCount "49"]
[TimeControl "1800+5"]

1. e4 c6 2. Nc3 d5 3. d4 dxe4 4. Nxe4 Nf6 5. Nxf6+ gxf6 6. Nf3 Bg4 7. Be3
Nd7 8. Be2 Qb6 9. Rb1 O-O-O 10. O-O e5 11. dxe5 fxe5 12. Bxb6 Nxb6 13. Qc1
Bd6 14. h3 Bf5 15. Bd3 e4 16. Nh4 exd3 17. Nxf5 Bc7 18. cxd3 Rxd3 19. Rd1
Rxd1+ 20. Qxd1 Rg8 21. Ne7+ Kb8 22. Nxg8 Nc4 23. b3 Ne5 24. f4 Ng6 25. Qg4
{ Black resigns } 1-0

[Event "ICC tourney 2357 (30 5)"]
[Site "Internet Chess Club"]
[Date "2021.01.30"]
[Round "1"]
[White "keshavdesh"]
[Black "Prezelton"]
[Result "0-1"]
[ICCResult "White checkmated"]
[WhiteElo "269"]
[BlackElo "709"]
[Opening "Blackmar-Diemer gambit"]
[ECO "B01"]
[NIC "VO.17"]
[Time "10:25:40"]
[PlyCount "94"]
[TimeControl "1800+5"]

1. e4 d5 2. Nc3 Nf6 3. d4 Nxe4 4. Nxe4 dxe4 5. Bf4 Nc6 6. Bb5 Bd7 7. Ne2 a6
8. Bxc6 Bxc6 9. Ng3 e6 10. O-O Bd6 11. Bxd6 Qxd6 12. Re1 O-O-O 13. Nxe4
Qxd4 14. Qxd4 Rxd4 15. f3 Bxe4 16. fxe4 Rd2 17. c3 Rxb2 18. a3 Rc2 19. Red1
Rxc3 20. Rd4 Rd8 21. Rd2 Rxd2 22. Rf1 f6 23. Rf3 Rc1+ 24. Rf1 Rxf1+ 25.
Kxf1 c5 26. Ke1 Ra2 27. Kd1 c4 28. Kc1 Rxa3 29. Kd1 Ra2 30. Kc1 c3 31. g3
c2 32. h4 b5 33. g4 b4 34. Kd2 c1=Q+ 35. Kxc1 Kc7 36. Kb1 Rh2 37. h5 Kc6
38. e5 fxe5 39. g5 Kc5 40. g6 h6 41. Kc1 a5 42. Kb1 a4 43. Ka1 b3 44. Kb1
a3 45. Ka1 Ra2+ 46. Kb1 Rh2 47. Ka1 Rh1# { White checkmated } 0-1

[Event "ICC tourney 2357 (30 5)"]
[Site "Internet Chess Club"]
[Date "2021.01.30"]
[Round "1"]
[White "BXMSDeku"]
[Black "msleese"]
[Result "0-1"]
[ICCResult "White checkmated"]
[WhiteElo "184"]
[BlackElo "682"]
[Opening "French: Two knights variation"]
[ECO "C00"]
[NIC "FR.01"]
[Time "10:26:14"]
[PlyCount "36"]
[TimeControl "1800+5"]

1. e4 e6 2. Nf3 d5 3. Nc3 Nf6 4. Bb5+ Bd7 5. Bxd7+ Nbxd7 6. exd5 exd5 7.
O-O Bd6 8. d3 O-O 9. Ng5 h6 10. Nh3 Qe7 11. Re1 Ne5 12. d4 c5 13. dxe5 Bxe5
14. Nxd5 Nxd5 15. Qxd5 Rad8 16. Qxb7 Qxb7 17. Rxe5 Rd1+ 18. Re1 Rxe1# {
White checkmated } 0-1

[Event "ICC tourney 2357 (30 5)"]
[Site "Internet Chess Club"]
[Date "2021.01.30"]
[Round "1"]
[White "LionsBeatriceC"]
[Black "RYCSKarely2010"]
[Result "0-1"]
[ICCResult "White checkmated"]
[WhiteElo "313"]
[BlackElo "713"]
[Opening "Sicilian defense"]
[ECO "B34"]
[NIC "SI.33"]
[Time "10:25:45"]
[PlyCount "54"]
[TimeControl "1800+5"]

1. e4 c5 2. Nf3 Nc6 3. d4 cxd4 4. Nxd4 g6 5. Nf3 Bg7 6. Nc3 Nf6 7. Bb5 O-O
8. O-O a6 9. Bc4 b5 10. Bd5 e6 11. Bxc6 dxc6 12. Bg5 h6 13. Bxf6 Bxf6 14.
e5 Bg7 15. Nh4 Qxh4 16. Qd6 Rd8 17. Qc7 Rd7 18. Qxc6 Bb7 19. Qb6 Qb4 20.
Rab1 Bxe5 21. Rfe1 Bc7 22. Qxb7 Rb8 23. Qc6 Rd6 24. Qxc7 Rbd8 25. Red1
Rxd1+ 26. Rxd1 Rxd1+ 27. Nxd1 Qe1# { White checkmated } 0-1

[Event "ICC tourney 2357 (30 5)"]
[Site "Internet Chess Club"]
[Date "2021.01.30"]
[Round "1"]
[White "reyanshgandhi"]
[Black "mrandrew"]
[Result "1-0"]
[ICCResult "Black resigns"]
[WhiteElo "721"]
[BlackElo "333"]
[Opening "Scandinavian (center counter) defense"]
[ECO "B01"]
[NIC "VO.17"]
[Time "10:25:48"]
[PlyCount "41"]
[TimeControl "1800+5"]

1. e4 d5 2. Nc3 dxe4 3. Nxe4 Bf5 4. Qe2 Nf6 5. Nf3 Nxe4 6. Ne5 e6 7. Qh5
Qf6 8. d4 Bb4+ 9. c3 Nxc3 10. a3 Ne4+ 11. axb4 Bg6 12. Nxg6 Qxf2+ 13. Kd1
fxg6 14. Qb5+ c6 15. Qxb7 Qxd4+ 16. Kc2 Qc4+ 17. Bxc4 O-O 18. Qxa8 Rf2+ 19.
Kb1 Nd2+ 20. Bxd2 Rxd2 21. Bxe6+ { Black resigns } 1-0

[Event "ICC tourney 2357 (30 5)"]
[Site "Internet Chess Club"]
[Date "2021.01.30"]
[Round "1"]
[White "Leogao77"]
[Black "SAjenelleH3"]
[Result "0-1"]
[ICCResult "White checkmated"]
[WhiteElo "479"]
[BlackElo "772"]
[Opening "Petrov's defense"]
[ECO "C42"]
[NIC "RG.03"]
[Time "10:26:13"]
[PlyCount "52"]
[TimeControl "1800+5"]

1. e4 e5 2. Nf3 Nf6 3. Nxe5 Nc6 4. Nxc6 dxc6 5. Nc3 Bc5 6. d4 Bxd4 7. Bc4
O-O 8. O-O b5 9. Bd3 Be5 10. Bg5 Be6 11. Qf3 a5 12. Qe3 Qd6 13. f4 Bd4 14.
e5 Bxe3+ 15. Kh1 Qd4 16. exf6 gxf6 17. Bh6 Rfe8 18. Rad1 Qc5 19. Ne4 Qe7
20. Rf3 Kh8 21. Rxe3 Bd5 22. Rg3 Bxe4 23. Bg7+ Kg8 24. Bh6+ Bg6 25. Bxg6
Qe1+ 26. Rxe1 Rxe1# { White checkmated } 0-1

[Event "ICC tourney 2357 (30 5)"]
[Site "Internet Chess Club"]
[Date "2021.01.30"]
[Round "1"]
[White "kiaanj"]
[Black "Samirarycs"]
[Result "1-0"]
[ICCResult "Black checkmated"]
[WhiteElo "871"]
[BlackElo "560"]
[Opening "Three knights game"]
[ECO "C46"]
[NIC "KP.06"]
[Time "10:26:14"]
[PlyCount "47"]
[TimeControl "1800+5"]

1. e4 e5 2. Nf3 Nc6 3. Nc3 Bb4 4. d3 Nf6 5. Bg5 O-O 6. Be2 Bxc3+ 7. bxc3 d6
8. O-O Bg4 9. d4 Qe7 10. d5 Nd4 11. cxd4 exd4 12. Qxd4 Bxf3 13. Bxf3 c5 14.
Bxf6 Qxf6 15. Qxf6 gxf6 16. Rab1 Rab8 17. Rfe1 b6 18. Bg4 Kh8 19. Bf5 Rg8
20. Re3 Rgf8 21. Rh3 Kg7 22. Rxh7+ Kg8 23. Rb3 c4 24. Rg3# { Black
checkmated } 1-0

[Event "ICC tourney 2357 (30 5)"]
[Site "Internet Chess Club"]
[Date "2021.01.30"]
[Round "1"]
[White "BrendonChess"]
[Black "NotPolite"]
[Result "0-1"]
[ICCResult "White checkmated"]
[WhiteElo "547"]
[BlackElo "827"]
[Opening "Queen's pawn game"]
[ECO "A45"]
[NIC "QP.07"]
[Time "10:25:29"]
[PlyCount "54"]
[TimeControl "1800+5"]

1. d4 Nf6 2. e3 g6 3. Bd3 Bg7 4. Nf3 d6 5. O-O O-O 6. b3 Bg4 7. h3 Bxf3 8.
Qxf3 Nc6 9. Bb2 Re8 10. Nd2 Nb4 11. Ne4 Nxe4 12. Bxe4 Nc6 13. Rab1 e5 14.
d5 Nb4 15. Ra1 c6 16. Bc3 Nxd5 17. Bxd5 cxd5 18. Qxd5 Rc8 19. Bb2 Rxc2 20.
Rab1 e4 21. Bxg7 Kxg7 22. Qd4+ Kg8 23. Rfc1 Rxc1+ 24. Rxc1 d5 25. Rc5 Qb8
26. Qxd5 Rd8 27. Qxe4 Rd1# { White checkmated } 0-1

[Event "ICC tourney 2357 (30 5)"]
[Site "Internet Chess Club"]
[Date "2021.01.30"]
[Round "1"]
[White "HCESBenjaminM"]
[Black "SABHZOYA"]
[Result "1-0"]
[ICCResult "Black checkmated"]
[WhiteElo "780"]
[BlackElo "507"]
[Opening "Giuoco Piano: Greco's attack"]
[ECO "C54"]
[NIC "IG.02"]
[Time "10:25:33"]
[PlyCount "57"]
[TimeControl "1800+5"]

1. e4 e5 2. Nf3 Nc6 3. Bc4 Bc5 4. c3 Nf6 5. d4 exd4 6. cxd4 Bb4+ 7. Nc3
Bxc3+ 8. bxc3 Nxe4 9. O-O Nxc3 10. Bxf7+ Kxf7 11. Qb3+ Ke8 12. Qxc3 d5 13.
Re1+ Kf8 14. Qc5+ Kf7 15. Ng5+ Kg8 16. Qc3 h6 17. Nf3 Bg4 18. Bf4 Rc8 19.
h3 Bxf3 20. Qxf3 Nxd4 21. Qd3 Nc6 22. Red1 d4 23. Qb3+ Kh7 24. Qxb7 Ne7 25.
Qe4+ Kg8 26. Rxd4 Qf8 27. Rd7 Re8 28. Re1 Kf7 29. Qe6# { Black checkmated }
1-0

[Event "ICC tourney 2357 (30 5)"]
[Site "Internet Chess Club"]
[Date "2021.01.30"]
[Round "1"]
[White "FierceLeopard"]
[Black "julianminer"]
[Result "1-0"]
[ICCResult "Black checkmated"]
[WhiteElo "715"]
[BlackElo "292"]
[Opening "QP counter-gambit (elephant gambit)"]
[ECO "C40"]
[NIC "KP.10"]
[Time "10:25:54"]
[PlyCount "39"]
[TimeControl "1800+5"]

1. e4 e5 2. Nf3 d5 3. Nc3 Nc6 4. Bb5 a6 5. Ba4 b5 6. Bb3 Be6 7. d3 Bc5 8.
a3 Nf6 9. Bg5 h6 10. Bh4 O-O 11. Bxd5 Bxd5 12. exd5 Qb8 13. dxc6 Rd8 14.
Nxe5 Bd4 15. f4 Bxe5 16. fxe5 Qc8 17. exf6 gxf6 18. Bxf6 Rd7 19. Qg4+ Kh7
20. Qg7# { Black checkmated } 1-0

[Event "ICC tourney 2357 (30 5)"]
[Site "Internet Chess Club"]
[Date "2021.01.30"]
[Round "1"]
[White "grandmasted"]
[Black "aashish1212"]
[Result "1-0"]
[ICCResult "Black resigns"]
[WhiteElo "827"]
[BlackElo "554"]
[Opening "Queen's gambit declined"]
[ECO "D30"]
[NIC "QP.08"]
[Time "10:29:57"]
[PlyCount "67"]
[TimeControl "1800+5"]

1. d4 d5 2. c4 e6 3. cxd5 exd5 4. Nf3 Nc6 5. e3 Nf6 6. Bb5 a6 7. Bxc6+ bxc6
8. a3 c5 9. Nc3 cxd4 10. exd4 Be7 11. Bf4 O-O 12. O-O Re8 13. Re1 Bg4 14.
h3 Bh5 15. Qd2 Bxf3 16. gxf3 Bd6 17. Rxe8+ Qxe8 18. Bg5 Qd7 19. Bxf6 gxf6
20. Nxd5 Qxh3 21. Nxf6+ Kf8 22. f4 h5 23. Nd7+ Qxd7 24. b4 Qg4+ 25. Kf1
Qh3+ 26. Ke1 Re8+ 27. Kd1 Qf1+ 28. Kc2 Re2 29. Rxf1 Rxd2+ 30. Kxd2 Bxf4+
31. Kd3 h4 32. Rh1 Bg5 33. Ke4 f6 34. f4 { Black resigns } 1-0

[Event "ICC tourney 2357 (30 5)"]
[Site "Internet Chess Club"]
[Date "2021.01.30"]
[Round "1"]
[White "RPC2020"]
[Black "hotham1000"]
[Result "1-0"]
[ICCResult "Black checkmated"]
[WhiteElo "563"]
[BlackElo "875"]
[Opening "French defense"]
[ECO "C00"]
[NIC "FR.01"]
[Time "10:25:30"]
[PlyCount "109"]
[TimeControl "1800+5"]

1. e4 e6 2. Bc4 d5 3. Bb5+ c6 4. Bd3 Bd7 5. f3 c5 6. Ne2 Nc6 7. O-O Bd6 8.
Nbc3 c4 9. exd5 cxd3 10. dxc6 Qb6+ 11. Kh1 Bxc6 12. cxd3 Nf6 13. Qb3 Qxb3
14. axb3 Kd7 15. d4 Nd5 16. Nxd5 Bxd5 17. Ra3 Bxa3 18. bxa3 Bxb3 19. Nf4 g5
20. Nh5 Ke7 21. d3 Rac8 22. Bxg5+ Kd6 23. Bf6 Rhg8 24. Be5+ Kd5 25. Nf6+
Kc6 26. Nxg8 Rxg8 27. h3 Bc2 28. Rc1 f6 29. Rxc2+ Kd5 30. Bxf6 Rg6 31. Be5
b6 32. Rc7 a5 33. Rxh7 Kc6 34. h4 b5 35. h5 Rg5 36. Rc7+ Kd5 37. h6 Rh5+
38. Kg1 Rxh6 39. Rd7+ Kc6 40. Rc7+ Kb6 41. Rd7 b4 42. axb4 axb4 43. Rd6+
Ka5 44. d5 exd5 45. Rxh6 b3 46. f4 Ka4 47. f5 Ka3 48. f6 d4 49. Bxd4 b2 50.
Bxb2+ Kxb2 51. f7 Kc3 52. f8=Q Kb2 53. Qc8 Kb3 54. Rb6+ Ka3 55. Qa6# {
Black checkmated } 1-0

[Event "ICC tourney 2357 (30 5)"]
[Site "Internet Chess Club"]
[Date "2021.01.30"]
[Round "1"]
[White "RowanTheAwesome"]
[Black "SAMYMSEden"]
[Result "1-0"]
[ICCResult "Black checkmated"]
[WhiteElo "556"]
[BlackElo "843"]
[Opening "Bishop's opening: Berlin defense"]
[ECO "C24"]
[NIC "IG.04"]
[Time "10:27:34"]
[PlyCount "117"]
[TimeControl "1800+5"]

1. e4 e5 2. Bc4 Nf6 3. d3 d6 4. h3 Be7 5. Nf3 Nc6 6. Nc3 Bd7 7. Be3 O-O 8.
O-O a6 9. Qd2 b5 10. Bd5 Nxd5 11. exd5 Nd4 12. Bxd4 exd4 13. Nxd4 Bh4 14.
Nf3 Qf6 15. Ne4 Qg6 16. Nxh4 Qh5 17. Nf3 Qg6 18. Qg5 Bf5 19. Qxg6 fxg6 20.
Ng3 Bd7 21. Nd4 c5 22. Ne6 Bxe6 23. dxe6 Rae8 24. Rae1 g5 25. Ne4 h6 26.
Nxd6 Re7 27. Re5 g6 28. Rxc5 Rxe6 29. Ne4 Rf4 30. Rc8+ Rf8 31. Rxf8+ Kxf8
32. f4 gxf4 33. Rxf4+ Kg7 34. Nc5 Re1+ 35. Kf2 Re6 36. Nxe6+ Kh7 37. Rf7+
Kg8 38. Rg7+ Kh8 39. Rxg6 Kh7 40. Nf8+ Kh8 41. Rxh6+ Kg8 42. Nd7 a5 43. Rb6
a4 44. Rxb5 a3 45. b3 Kf7 46. c4 Ke6 47. Nf8+ Kd6 48. c5+ Kc6 49. Ra5 Kc7
50. h4 Kd8 51. h5 Ke8 52. Ne6 Kf7 53. h6 Kg8 54. c6 Kh7 55. c7 Kxh6 56.
c8=Q Kg6 57. Nf4+ Kf7 58. Qc7+ Ke8 59. Ra8# { Black checkmated } 1-0

[Event "ICC tourney 2357 (30 5)"]
[Site "Internet Chess Club"]
[Date "2021.01.30"]
[Round "1"]
[White "shark5"]
[Black "ethanw1234"]
[Result "0-1"]
[ICCResult "White checkmated"]
[WhiteElo "261"]
[BlackElo "701"]
[Opening "Four knights: Scotch, 4...exd4"]
[ECO "C47"]
[NIC "KP.06"]
[Time "10:25:45"]
[PlyCount "64"]
[TimeControl "1800+5"]

1. e4 e5 2. Nf3 Nc6 3. Nc3 Nf6 4. d4 exd4 5. Nxd4 Bc5 6. Nb3 d6 7. e5 dxe5
8. Nxc5 Qe7 9. Nb3 O-O 10. Bd3 Bg4 11. Be2 Bxe2 12. Nxe2 Rad8 13. Bd2 Nb4
14. c3 Nbd5 15. O-O Ng4 16. Ng3 Qh4 17. h3 Ngf6 18. Nc5 b6 19. Nb7 Rb8 20.
Nf5 Qc4 21. b3 Qa6 22. Nbd6 cxd6 23. Nxd6 Rbd8 24. Nf5 Qd3 25. Qe1 Qxf5 26.
g4 Qf3 27. c4 Nf4 28. Bxf4 Qxf4 29. Rd1 Rxd1 30. Qxd1 Ne4 31. Re1 Qxf2+ 32.
Kh1 Ng3# { White checkmated } 0-1

[Event "ICC tourney 2357 (30 5)"]
[Site "Internet Chess Club"]
[Date "2021.01.30"]
[Round "1"]
[White "ivaansuresh"]
[Black "AlexPS452"]
[Result "0-1"]
[ICCResult "White checkmated"]
[WhiteElo "555"]
[BlackElo "832"]
[Opening "Giuoco Piano"]
[ECO "C50"]
[NIC "IG.02"]
[Time "10:25:26"]
[PlyCount "74"]
[TimeControl "1800+5"]

1. e4 e5 2. Nf3 Nc6 3. Bc4 Bc5 4. Nc3 d6 5. O-O Bg4 6. h3 Bh5 7. g4 Bg6 8.
Ng5 Qxg5 9. Qf3 Nf6 10. d3 Qh4 11. Nd5 O-O-O 12. Be3 Nd4 13. Qg3 Qxg3+ 14.
fxg3 Nxc2 15. Rac1 Nxe3 16. Rfe1 Nc2+ 17. Kf1 Nxe1 18. Kxe1 Nxd5 19. Bxd5
c6 20. Rxc5 dxc5 21. Bc4 b5 22. Bb3 Rxd3 23. Bc2 Rxg3 24. Kf2 Rxh3 25. Kg2
Re3 26. Kf2 Rxe4 27. Bxe4 Bxe4 28. Ke3 Bd5 29. Kf2 Re8 30. Kg3 e4 31. g5 e3
32. Kg4 e2 33. b4 e1=Q 34. bxc5 Qg1+ 35. Kf4 Qf2+ 36. Kg4 Re4+ 37. Kh3 Rh4#
{ White checkmated } 0-1

[Event "ICC tourney 2357 (30 5)"]
[Site "Internet Chess Club"]
[Date "2021.01.30"]
[Round "1"]
[White "rishatag"]
[Black "nithin0628"]
[Result "0-1"]
[ICCResult "White checkmated"]
[WhiteElo "535"]
[BlackElo "818"]
[Opening "French: advance, Nimzovich system"]
[ECO "C02"]
[NIC "FR.03"]
[Time "10:25:22"]
[PlyCount "68"]
[TimeControl "1800+5"]

1. e4 e6 2. d4 d5 3. e5 c5 4. Nf3 Nc6 5. Bb5 Bd7 6. O-O Qb6 7. Bxc6 Bxc6 8.
Re1 Nh6 9. Nc3 Nf5 10. Be3 Qxb2 11. Rb1 Qxc3 12. Rb3 Qa5 13. Rb2 cxd4 14.
Bxd4 Nxd4 15. Qxd4 Bc5 16. Qd1 O-O 17. Qe2 d4 18. Rd1 Bxf3 19. Qxf3 Rfd8
20. Qxb7 d3 21. c4 Rab8 22. Qf3 Rxb2 23. Rf1 Re2 24. h3 Re1 25. Rxe1 Qxe1+
26. Kh2 d2 27. Kg3 d1=Q 28. Qxd1 Qxd1 29. f3 g5 30. Kg4 h6 31. Kh5 Qe2 32.
Kxh6 Qxg2 33. h4 gxh4 34. f4 Qg6# { White checkmated } 0-1

[Event "ICC tourney 2357 (30 5)"]
[Site "Internet Chess Club"]
[Date "2021.01.30"]
[Round "1"]
[White "chessfish98"]
[Black "GusH"]
[Result "1-0"]
[ICCResult "Black checkmated"]
[WhiteElo "812"]
[BlackElo "530"]
[Opening "Vienna game"]
[ECO "C26"]
[NIC "VG.02"]
[Time "10:25:31"]
[PlyCount "73"]
[TimeControl "1800+5"]

1. e4 e5 2. Nc3 Nf6 3. Bc4 Bb4 4. Nd5 Nxd5 5. Bxd5 O-O 6. Nf3 c6 7. Bb3 Na6
8. Nxe5 d5 9. c3 Qd6 10. O-O Qxe5 11. cxb4 Nxb4 12. exd5 cxd5 13. d4 Nc6
14. dxe5 Nxe5 15. Qxd5 Re8 16. Bf4 Bg4 17. Bxe5 Rxe5 18. Qxe5 a6 19. Qd5
Rf8 20. Qxb7 h6 21. Qxa6 Be6 22. Bxe6 fxe6 23. Qxe6+ Kh8 24. b4 Rf6 25.
Qe8+ Kh7 26. b5 Rg6 27. h3 h5 28. Rab1 Kh6 29. b6 Rxb6 30. Rxb6+ Kg5 31.
Qg6+ Kf4 32. Rb4+ Ke5 33. Qg5+ Kd6 34. Rd1+ Kc6 35. Qb5+ Kc7 36. Rd7+ Kc8
37. Qb7# { Black checkmated } 1-0

[Event "ICC tourney 2357 (30 5)"]
[Site "Internet Chess Club"]
[Date "2021.01.30"]
[Round "1"]
[White "GreenFrog11"]
[Black "ghraluca"]
[Result "0-1"]
[ICCResult "White checkmated"]
[WhiteElo "421"]
[BlackElo "741"]
[Opening "Four knights: Spanish variation"]
[ECO "C48"]
[NIC "KP.03"]
[Time "10:25:28"]
[PlyCount "56"]
[TimeControl "1800+5"]

1. e4 e5 2. Nf3 Nc6 3. Nc3 Nf6 4. Bb5 a6 5. Be2 Bc5 6. Nxe5 Bd4 7. Nxc6
dxc6 8. O-O O-O 9. Bc4 Bg4 10. Be2 Bxe2 11. Nxe2 Re8 12. Nxd4 Qxd4 13. d3
Rad8 14. Be3 Qd6 15. Qe2 Re5 16. Bf4 b5 17. Bxe5 Qxe5 18. Rae1 Qxb2 19. Ra1
Qe5 20. a4 Nh5 21. axb5 axb5 22. d4 Nf4 23. dxe5 Nxe2+ 24. Kh1 h6 25. Rfe1
Nf4 26. Ra7 Ne2 27. Rxe2 Rd1+ 28. Re1 Rxe1# { White checkmated } 0-1

[Event "ICC tourney 2357 (30 5)"]
[Site "Internet Chess Club"]
[Date "2021.01.30"]
[Round "1"]
[White "Deanshalaby"]
[Black "SAH3Clint"]
[Result "0-1"]
[ICCResult "White checkmated"]
[WhiteElo "530"]
[BlackElo "811"]
[Opening "Sicilian defense"]
[ECO "B20"]
[NIC "SI.48"]
[Time "10:26:54"]
[PlyCount "32"]
[TimeControl "1800+5"]

1. e4 c5 2. Bc4 Nc6 3. Qf3 Nf6 4. Bb3 d6 5. Qc3 e5 6. Qc4 Be6 7. Qd3 Nb4 8.
Qe3 Bxb3 9. axb3 Nxc2+ 10. Kd1 Nxe3+ 11. Ke2 Nxg2 12. Ra2 Nf4+ 13. Ke1 Nxe4
14. Ra4 Ng2+ 15. Kf1 Qh4 16. d3 Qxf2# { White checkmated } 0-1

[Event "ICC tourney 2357 (30 5)"]
[Site "Internet Chess Club"]
[Date "2021.01.30"]
[Round "1"]
[White "MilesFlores"]
[Black "LeniBps116"]
[Result "1-0"]
[ICCResult "Black checkmated"]
[WhiteElo "702"]
[BlackElo "262"]
[Opening "Giuoco Pianissimo: Italian four knights variation"]
[ECO "C46"]
[NIC "KP.06"]
[Time "10:25:43"]
[PlyCount "141"]
[TimeControl "1800+5"]

1. e4 e5 2. Nf3 Nc6 3. Nc3 Bc5 4. Bc4 Nf6 5. d3 O-O 6. Be3 d6 7. O-O Bg4 8.
h3 Bh5 9. Bg5 h6 10. Bh4 Nd4 11. Nd5 Nxf3+ 12. gxf3 Nxd5 13. Bxd8 Raxd8 14.
Bxd5 c6 15. Bb3 d5 16. exd5 cxd5 17. c4 dxc4 18. Bxc4 a6 19. Qd2 b5 20. Bb3
Rd6 21. Rfd1 Rfd8 22. Bc2 Bxf3 23. Re1 Rg6+ 24. Kh2 Rdd6 25. b4 Rg2+ 26.
Kh1 Rg3+ 27. Kh2 Rg2+ 28. Kh1 Rdg6 29. Re3 Bxe3 30. Qxe3 Rf6 31. d4 Rg3+
32. Kh2 Rg2+ 33. Kh1 Rf5 34. Bxf5 Rg3+ 35. Kh2 Rg2+ 36. Kh1 Rg3+ 37. Qxf3
Rxf3 38. Be4 Rxh3+ 39. Kg2 Re3 40. f3 Re2+ 41. Kg3 Kf8 42. Rc1 Ke7 43. dxe5
Ke6 44. Rc5 Re1 45. Rc6+ Kd7 46. Rxa6 Rc1 47. Ra7+ Ke6 48. Kf4 g5+ 49. Kg4
f6 50. Bf5+ Kd5 51. Rd7+ Kc4 52. Rc7+ Kd5 53. Rxc1 Kxe5 54. Rc5+ Kd4 55.
Rxb5 Kc4 56. a4 Kb3 57. a5 Ka4 58. a6 Kxb5 59. a7 Kb6 60. a8=Q Kb5 61. Qc8
Kxb4 62. Qc6 Kb3 63. Qc5 Kb2 64. Qc4 Ka1 65. Qb4 Ka2 66. Kg3 Ka1 67. Kf2 h5
68. Ke2 h4 69. Kd2 h3 70. Kc2 h2 71. Qa4# { Black checkmated } 1-0

[Event "ICC tourney 2357 (30 5)"]
[Site "Internet Chess Club"]
[Date "2021.01.30"]
[Round "1"]
[White "Hermione18"]
[Black "DeUnderStore"]
[Result "1/2-1/2"]
[ICCResult "Black stalemated"]
[WhiteElo "472"]
[BlackElo "761"]
[Opening "Sicilian: Smith-Morra gambit"]
[ECO "B21"]
[NIC "SI.48"]
[Time "10:26:14"]
[PlyCount "65"]
[TimeControl "1800+5"]

1. e4 c5 2. d4 cxd4 3. c3 dxc3 4. Nxc3 d6 5. Nf3 Nf6 6. e5 dxe5 7. Qxd8+
Kxd8 8. Nxe5 e6 9. Nxf7+ Ke7 10. Nxh8 Nc6 11. Bf4 Bd7 12. Bc4 g6 13. O-O
Bg7 14. Nxg6+ hxg6 15. Rfe1 Kf7 16. Rad1 Nd8 17. Bg5 Ke7 18. Bxf6+ Bxf6 19.
Nd5+ Kd6 20. Nxf6+ Ke7 21. Nd5+ Kd6 22. Nb6+ Ke7 23. Nxa8 Ba4 24. b3 Bd7
25. Nc7 Kf7 26. Rxd7+ Kf6 27. Nxe6 Nxe6 28. Rxe6+ Kf5 29. Rf7+ Kg5 30. f4+
Kh6 31. g4 b5 32. Bxb5 a6 33. Bxa6 { Black stalemated } 1/2-1/2

[Event "ICC tourney 2357 (30 5)"]
[Site "Internet Chess Club"]
[Date "2021.01.30"]
[Round "1"]
[White "milesmcwu"]
[Black "Bigcitypanda"]
[Result "1-0"]
[ICCResult "Black checkmated"]
[WhiteElo "732"]
[BlackElo "398"]
[Opening "Four knights: Scotch, 4...exd4"]
[ECO "C47"]
[NIC "KP.06"]
[Time "10:25:31"]
[PlyCount "95"]
[TimeControl "1800+5"]

1. e4 e5 2. Nf3 Nc6 3. Nc3 Nf6 4. d4 exd4 5. Nxd4 Nxd4 6. Qxd4 Bd6 7. e5
Bxe5 8. Qxe5+ Kf8 9. Bc4 d6 10. Qd4 Bf5 11. O-O c5 12. Qf4 g6 13. Bd3 Bxd3
14. cxd3 Nh5 15. Qh6+ Ng7 16. Bg5 Qe8 17. Bf6 Qc8 18. Qxg7+ Ke8 19. Qxh8+
Kd7 20. Qxc8+ Rxc8 21. Rfe1 d5 22. Nxd5 Kd6 23. Nf4 b6 24. Nh3 h5 25. Ng5
c4 26. Nxf7+ Kd7 27. dxc4 Rxc4 28. Ne5+ Ke6 29. Nxc4+ Kxf6 30. Rad1 b5 31.
Nd6 a6 32. Nb7 Kg7 33. Rd6 Kh6 34. Rxa6 Kg5 35. Re5+ Kh6 36. Rxb5 Kh7 37.
Na5 Kg7 38. Rb7+ Kh6 39. Nc4 Kg5 40. Rh7 h4 41. Ra5+ Kf6 42. Rxh4 g5 43.
Rh5 Kg6 44. Rhxg5+ Kh6 45. Rgb5 Kg7 46. Rb6 Kh7 47. Ra7+ Kh8 48. Rb8# {
Black checkmated } 1-0